 Dungeon Crawl Stone Soup version 0.27-a0-686-gaed091b46b (webtiles) character file.

Game seed: 5018038137884881965

51 Allula97 the Skirmisher (level 3, -8/29 HPs)
             Began as a Demonspawn Abyssal Knight on Mar 21, 2021.
             Was a Follower of Lugonu.
             Mangled by Crazy Yiuf
             ... wielding a +4 quarterstaff of chaos
              (21 damage)
             ... on level 2 of the Dungeon.
             The game lasted 00:04:30 (1457 turns).

Allula97 the Skirmisher (Demonspawn Abyssal Knight) Turns: 1457, Time: 00:04:33

Health: -8/29      AC:  9    Str: 17    XL:     3   Next: 57%
Magic:  5/5        EV:  9    Int: 13    God:    Lugonu [*.....]
Gold:   137        SH:  0    Dex: 12    Spells: 2/2 levels left

rFire    . . .     SeeInvis .   e - +0 morningstar
rCold    . . .     Faith    .   (no shield)
rNeg     + . .     Spirit   .   d - +1 scale mail "Vein" {rN+ Str+4}
rPois    .         Reflect  .   (no helmet)
rElec    .         Harm     .   (no cloak)
rCorr    .         Rampage  .   l - +1 pair of gloves
Will     .....                  (no boots)
Stlth    ..........             (no amulet)
HPRegen  0.09/turn              (no ring)
MPRegen  0.09/turn              (no ring)

@: no status effects
A: spiny 1
a: Renounce Religion, Depart the Abyss


You were on level 2 of the Dungeon.
You worshipped Lugonu.
Lugonu was aware of your devotion.
You visited 1 branch of the dungeon, and saw 2 of its levels.
You visited the Abyss 1 time.

You collected 137 gold pieces.

Inventory:

Hand Weapons
 a - a +1 mace
 e - a +0 morningstar (weapon)
Armour
 d - the +1 scale mail "Vein" (worn) {rN+ Str+4}
   (You found it on level 2 of the Abyss)

   It affects your strength (+4).
   It protects you from negative energy.
 l - a +1 pair of gloves (worn)
Jewellery
 i - an amulet of magic regeneration
 j - a ring of fire
Scrolls
 g - a scroll of silence {unknown}
 k - a scroll of enchant armour {unknown}
Potions
 b - 2 potions of might
 c - a potion of heal wounds
 f - a potion of curing


   Skills:
 * Level 3.4 Fighting
 * Level 2.6 Maces & Flails
 * Level 2.1 Armour
 * Level 1.1 Dodging
 * Level 3.0 Invocations


You had 2 spell levels left.
You didn't know any spells.
Your spell library was empty.

Dungeon Overview and Level Annotations

Branches:
Dungeon (2/15)

Altars:
Cheibriados
Xom
Yredelemnul

Shops:
D:2 :

Annotations:
D:2 Crazy Yiuf


Innate Abilities, Weirdness & Mutations

You are partially covered in sharp spines.


Message History

The leopard gecko is struck by your spines.
The leopard gecko misses you.
You puncture the leopard gecko!
You kill the leopard gecko!
Lugonu accepts your kill. The goblin hits you but does no damage.
You barely miss the goblin. The goblin barely misses you.
You barely miss the goblin. The goblin completely misses you.
You hit the goblin.
The goblin is heavily wounded.
The goblin hits you. The goblin barely misses you.
You closely miss the goblin.
The goblin is heavily wounded.
The goblin hits you but does no damage.
You closely miss the goblin.
The goblin is heavily wounded.
The goblin hits you but does no damage.
You closely miss the goblin.
The goblin is heavily wounded.
The goblin is struck by your spines.
You kill the goblin!
Lugonu accepts your kill.
You see here a leopard gecko corpse.
Found a stone staircase leading down.
Found a mace.
Found a runed translucent door.
Crazy Yiuf shouts!
Crazy Yiuf yells, "Sif Muna water turtle!"
Press: ? - help, v - describe, . - travel
Here: Crazy Yiuf, wielding a +4 quarterstaff of chaos and wearing a +0 cloak (fire blocked by a runed translucent door)
The floor.
Unknown command.
Okay, then.
You open the door. You sock Crazy Yiuf!
Crazy Yiuf is moderately wounded.
Crazy Yiuf hits you with a +4 quarterstaff of chaos!
Ouch! That really hurt!
You convulse!!
Ouch! That really hurt!
You die...

#.###### #.#
#.# ##### #.#
#)..# ####.#
#...# ##....#
... #.....##
#g#
#......#####
♣@♣♣
#.......(...
♣♣.♣
#......#####
♣.♣♣
##...#######
♣♣.♣
#...........
♣♣.♣♣
############
♣♣...♣ ♣....♣
##### #....#
#...#####..####


You could see Crazy Yiuf.

Vanquished Creatures
  4 dart slugs
  A leopard gecko (D:2)
  3 giant cockroaches
  10 goblins
  4 hobgoblins
  2 jackals (D:1)
  A quokka (D:1)
  5 bats
  A frilled lizard (D:2)
  2 kobolds (D:1)
  5 rats
38 creatures vanquished.

Notes
Turn   | Place    | Note
-------+----------+-------------------------------------------
     0 | Abyss:1  | Allula97 the Demonspawn Abyssal Knight began the quest for
                  | the Orb.
     0 | Abyss:1  | Reached XP level 1. HP: 18/18 MP: 2/2
    43 | Abyss:2  | Noticed a large abomination
    46 | Abyss:2  | Identified the +1 scale mail "Vein" {rN+ Str+4}
    58 | D:1      | Escaped the Abyss
   261 | D:1      | Reached * piety under Lugonu
   297 | D:1      | Gained mutation: You are partially covered in sharp spines.
                  | [demonic ancestry]
   297 | D:1      | Reached XP level 2. HP: 17/24 MP: 4/4
   423 | D:1      | Reached skill level 1 in Dodging
   594 | D:1      | Reached XP level 3. HP: 29/29 MP: 5/5
  1189 | D:2      | Found a basalt altar of Yredelemnul.
  1293 | D:2      | Found Harilat's Book Shop.
  1331 | D:2      | Found a shimmering altar of Xom.
  1337 | D:2      | Found a snail-covered altar of Cheibriados.
  1452 | D:2      | Found a runed translucent door.
  1453 | D:2      | Noticed Crazy Yiuf
  1457 | D:2      | Mangled by Crazy Yiuf

Illustrated notes

Levels and vault maps discovered:
D:1:      elethiomel_arrival_infinity_welcomes_careful_drivers, layout_basic,
          minmay_3d_cube
D:2:      layout_loops_ring, kennysheep_slug_shrine, overflow_temple_1_default,
          general_overflow_altar, lemuel_coloured_pillars_altar, serial_shops,
          shop, uniq_crazy_yiuf_cottage

Skill      XL: |  1  2 |
---------------+-------+-----
Maces & Flails | 2 |  2.6
Dodging        | 1 |  1.1
Armour         | 2 |  2.1
Invocations    | 3 |  3.0
Fighting       | |  3.4

Action                   || total
-------------------------++-------
Melee: Morningstar       ||    84
Invok: Depart the Abyss  ||     1
  Use: Scroll            ||     3
Armor: Scale mail        ||    33
Dodge: Dodged            ||    45

Table legend: (Time is in decaauts)
 A = Elapsed time spent in this place.
 B = Non-inter-level travel time spent in this place.
 C = Inter-level travel time spent in this place.
 D = Time resting spent in this place.
 E = Time spent auto-exploring this place.
 F = Levels seen in this place.
 G = Mean time per level.
                   A        B        C        D        E       F      G
               +--------+--------+--------+--------+--------+-----+--------+
         Total |   1492 |   1476 |     16 |      0 |   1031 |   4 |  373.0 |
       Dungeon |   1434 |   1418 |     16 |      0 |   1031 |   2 |  717.0 |
         Abyss |     57 |     57 |      0 |      0 |      0 |   2 |   28.5 |
               +--------+--------+--------+--------+--------+-----+--------+

Top non-repeatable levels by time:
     D:1: 889 daAuts
     D:2: 545 daAuts
 Abyss:1: 34 daAuts
 Abyss:2: 23 daAuts
